 Dungeon Crawl Stone Soup version 0.31-a0-559-g03b8d61ab2 (webtiles) character file.

Game seed: 16388167629209350809

70 Ijustatesigmund the Stinger (level 4, -1/28 HPs)
             Began as an Octopode Venom Mage on Aug 17, 2023.
             Slain by a jackal (2 damage)
             ... on level 2 of the Dungeon.
             The game lasted 00:02:51 (1860 turns).

Ijustatesigmund the Stinger (Octopode Venom Mage)   Turns: 1860, Time: 00:02:52

Health: -1/28      AC:  1    Str:  7    XL:     4   Next: 21%
Magic:  8/8        EV: 10    Int: 19    God:
Gold:   116        SH:  0    Dex: 12    Spells: 2/8 levels left

rFire   . . .        c - +0 short sword
rCold   . . .        (no shield)
rNeg    . . .        (helmet restricted)
rPois   .            (no amulet)
rElec   .            (no ring)
rCorr   .            (no ring)
SInv    .            (no ring)
Will    .....        (no ring)
Stlth   +++          (no ring)
HPRegen 0.24/turn    (no ring)
MPRegen 0.11/turn    (no ring)
                     (no ring)

%: no passive effects
@: about to teleport, attractive, constricted
A: almost no armour, amphibious, 8 rings, camouflage 1, gelatinous body 1,
(nimble swimmer 1), tentacles
a: no special abilities


You were on level 2 of the Dungeon.
You visited 1 branch of the dungeon, and saw 2 of its levels.

You collected 116 gold pieces.

Inventory:

Hand Weapons
 c - a +0 short sword (weapon)
Wands
 h - a wand of charming (11)
 j - a wand of digging (4)
Scrolls
 b - 3 scrolls of noise
 d - a scroll of teleportation
 e - a scroll of revelation {unknown}
 g - a scroll of immolation {unknown}
 i - a scroll of identify {unknown}
Potions
 a - a potion of magic


   Skills:
 - Level 1.1 Fighting
 - Level 2.0 Dodging
 - Level 2.6 Stealth
 + Level 2.6 Spellcasting
 + Level 1.0 Conjurations
 - Level 1.0 Transmutations
 + Level 1.4 Air Magic
 + Level 4.3 Poison Magic


You had 2 spell levels left.
You knew the following spells:

 Your Spells              Type           Power      Damage    Failure   Level
a - Sting                 Tmut/Pois      48%        1d5       5%          1
b - Poisonous Vapours     Pois/Air       26%        N/A       8%          2
c - Mephitic Cloud        Conj/Pois/Air  11%        N/A       19%         3

Your spell library contained the following spells:

 Spells                   Type           Power      Damage    Failure   Level
 Olgreb's Toxic Radiance  Pois           19%        N/A       26%         4
 Volatile Blastmotes      Fire/Tloc      4%         2d10      43%         3
 Fulminant Prism          Conj/Hex       2%         3d5       77%         4
 Iskenderun's Mystic Bla  Conj/Tloc      4%         2d3       77%         4


Dungeon Overview and Level Annotations

Branches:
Dungeon (2/15)

Altars:
Kikubaaqudgha


Innate Abilities, Weirdness & Mutations

You cannot wear most types of armour.
You are amphibious.
You can wear up to eight rings at the same time.
Your skin changes colour to match your surroundings (Stealth+).
Your rubbery body absorbs attacks. (AC +1, EV +1)
((You are camouflaged when in or above water. (Stealth+)))
You have tentacles for arms and can constrict up to eight enemies at once.


Message History

You hit the jackal but do no damage. You squeeze the jackal.
The jackal is heavily wounded.
You constrict the jackal. The jackal bites you. The jackal misses you.
The jackal bites you but does no damage.
You hit the jackal.
You kill the jackal!
The ball python barely misses you. The ball python grabs you.
The ball python constricts you. The jackal bites you.
The jackal closely misses you.
The jackal bites you but does no damage.
The ball python misses you. The ball python constricts you.
You escape the ball python's grasp.
The jackal bites you. x3
The jackal barely misses you. The jackal closely misses you.
The jackal barely misses you. The jackal misses you.
The jackal attacks as you move away! The jackal barely misses you.
The jackal bites you. x3
* * * LOW HITPOINT WARNING * * *
The jackal attacks as you move away! The jackal barely misses you.
The jackal attacks as you move away! The jackal barely misses you.
As you read the scroll labelled XOK XUOTRUFAC, it crumbles to dust.
You hear a loud clanging noise!
It was a scroll of noise.
The jackal bites you.
* * * LOW HITPOINT WARNING * * *
The jackal misses you. x2
Okay, then.
As you read the scroll labelled ACOOPR PEIRICIA, it crumbles to dust.
You feel strangely unstable.
It was a scroll of teleportation.
The jackal closely misses you. The jackal misses you.
The jackal bites you but does no damage.
The jackal bites you.
* * * LOW HITPOINT WARNING * * *
The jackal closely misses you. x2
The kobold hits you with a +3 short sword.
* * * LOW HITPOINT WARNING * * *
It was a potion of attraction.
You feel attractive to monsters. The ball python closely misses you.
The ball python grabs you. The ball python constricts you.
The jackal bites you.
You die...

#..... #.....
########### #.....
##.....#..... #####.
##.............# ##
#....>......$..$##
#.................r
#.<..K........[......
#...@h...............
#..Shh...............
#....................
##...................
##.....#.....#......
#########.###......
#..##......
##.##......
####.###.####


You could see 3 jackals, a ball python and a kobold.

Vanquished Creatures
  2 adders (D:2)
  5 dart slugs
  4 bats
  4 endoplasms (D:1)
  A giant cockroach (D:2)
  6 goblins
  5 hobgoblins
  A jackal (D:2)
  3 quokkas (D:1)
  2 ball pythons
  A frilled lizard (D:1)
  2 kobolds
  3 rats
39 creatures vanquished.

Notes
Turn   | Place    | Note
-------+----------+-------------------------------------------
     0 | D:1      | Ijustatesigmund the Octopode Venom Mage began the quest for
                  | the Orb.
     0 | D:1      | Reached XP level 1. HP: 11/11 MP: 3/3
   277 | D:1      | Reached XP level 2. HP: 14/18 MP: 5/5
   302 | D:1      | Learned a level 2 spell: Poisonous Vapours
   523 | D:1      | Reached skill level 1 in Fighting
   700 | D:1      | Reached skill level 4 in Poison Magic
   934 | D:1      | Reached XP level 3. HP: 23/23 MP: 6/6
   938 | D:1      | Learned a level 3 spell: Mephitic Cloud
  1185 | D:1      | Reached skill level 1 in Air Magic
  1346 | D:2      | Found an ancient bone altar of Kikubaaqudgha.
  1634 | D:2      | Reached XP level 4. HP: 28/28 MP: 2/7
  1774 | D:2      | Reached skill level 1 in Conjurations
  1859 | D:2      | HP: 1/28 [kobold/+3 short sword (5)]
  1860 | D:2      | Slain by a jackal

Illustrated notes

Levels and vault maps discovered:
D:1:      kennysheep_arrival_seaside, layout_basic
D:2:      layout_rooms, basic_altar, minmay_fractal_squares_gapless_5

Skill      XL: |  1  2  3  4 |
---------------+-------------+-----
Fighting       | 1 |  1.1
Poison Magic   | 4 |  4.3
Air Magic      | 1 |  1.4
Conjurations   | 1 |  1.0
Dodging        | |  2.0
Stealth        | |  2.6
Spellcasting   | |  2.6
Transmutations | |  1.0

Action                     |  1- 3 |  4- 6 || total
---------------------------+-------+-------++-------
  Melee: Unarmed           |    10 |       ||    10
         Short sword       |    53 |     7 ||    60
         Constrict         |    13 |     3 ||    16
         Tentacles         |    14 |     4 ||    18
         Punch             |     1 |       ||     1
   Cast: Sting             |     7 |       ||     7
         Poisonous Vapours |    15 |     3 ||    18
    Use: Scroll            |       |     2 ||     2
         Potion            |       |     1 ||     1
   Stab: Sleeping          |     5 |       ||     5
 Armour: Skin              |     5 |     3 ||     8
  Dodge: Dodged            |    38 |    22 ||    60

Table legend: (Time is in decaauts)
 A = Elapsed time spent in this place.
 B = Non-inter-level travel time spent in this place.
 C = Inter-level travel time spent in this place.
 D = Time resting spent in this place.
 E = Time spent auto-exploring this place.
 F = Levels seen in this place.
 G = Mean time per level.
                   A        B        C        D        E       F      G
               +--------+--------+--------+--------+--------+-----+--------+
         Total |   1859 |   1818 |     41 |    258 |   1292 |   2 |  929.5 |
       Dungeon |   1859 |   1818 |     41 |    258 |   1292 |   2 |  929.5 |
               +--------+--------+--------+--------+--------+-----+--------+

Top non-repeatable levels by time:
     D:1: 1345 daAuts
     D:2: 513 daAuts
